CAROLINA vs VANCOUVER

Created - January-26-21 at 09:20

Goals
1 2 3 T
CAROLINA 0 0 2 2
VANCOUVER 1 1 1 3
Shots
1 2 3 T
CAROLINA 11 4 6 21
VANCOUVER 7 6 8 21

1st period

1. VANCOUVER , Erik Johnson 3 (Tyler Seguin 7, Ryan Ellis 11) at 16:32 (PP)

Penalties :
Luca Sbisa (VAN) for Holding (Minor) at 9:38, Brent Burns (CAR) for Holding (Minor) at 16:23

2nd period

2. VANCOUVER , Ryan Ellis 4 (Erik Johnson 5, Jonathan Huberdeau 8) at 7:45 (PP)

Penalties :
Matt Martin (CAR) for Holding (Minor) at 7:23, Tyler Seguin (VAN) for Slashing (Minor) at 11:58

3rd period

3. CAROLINA , Nicklas Backstrom 5 (Alexander Radulov 9, Matt Benning 3) at 13:24
4. CAROLINA , Patrice Bergeron 5 (Deryk Engelland 4, Vladimir Tarasenko 5) at 14:34
5. VANCOUVER , Nikolaj Ehlers 6 (Zach Parise 8, Nazem Kadri 7) at 14:50

Penalties :
Matt Martin (CAR) for Boarding (Minor) at 2:11

Goalie Stats

Sergei Bobrovsky (CAR), 18 saves from 21 shots - (0.857), L, 8-4-1, 60:00 minutes
Petr Mrazek (VAN), 19 saves from 21 shots - (0.905), W, 4-7-2, 60:00 minutes

Players Stats for CAROLINA

Player Name              G  A  P  +/- PIM S  H  SB GA TA FO     MP     PP MP  PK MP  
------------------------------------------------------------------------------------
Adam Henrique            0  0  0   0  0   1  0  0  0  0  1/2    17:02   0:00   0:00 
Alexander Radulov        0  1  1   1  0   0  0  1  0  0  0/0    17:25   1:25   0:00 
Brent Burns              0  0  0  -1  2   1  2  1  0  0  0/0    24:50   1:25   1:14 
CAR Cap Hit              0  0  0   1  0   0  0  0  0  0  0/0    14:50   0:00   0:22 
Claude Giroux            0  0  0   0  0   2  3  0  0  0  1/3    23:39   2:33   0:48 
Cooper Marody            0  0  0   0  0   0  0  0  0  0  0/1     0:32   0:00   0:00 
David Kampf              0  0  0   0  0   2  0  0  0  0  15/21  18:02   0:00   1:20 
Deryk Engelland          0  1  1   1  0   0  8  2  0  0  0/0    20:41   2:33   1:16 
Dominik Kubalik          0  0  0   1  0   3  3  0  0  0  0/0    18:23   1:25   0:58 
Duncan Keith             0  0  0  -1  0   1  0  1  0  0  0/0    24:29   1:25   0:52 
Joel L'Esperance         0  0  0  -1  0   0  0  0  0  0  0/0     4:37   0:00   0:00 
Matt Benning             0  1  1   1  0   2  0  5  0  0  0/0    14:28   0:00   0:00 
Matt Martin              0  0  0   0  4   0  2  0  0  0  1/1    16:45   0:00   0:00 
Nicklas Backstrom        1  0  1   1  0   3  0  0  0  0  5/15   17:47   1:25   0:22 
Patrice Bergeron         1  0  1   1  0   2  0  0  0  0  12/18  19:56   2:33   1:10 
Sam Lafferty             0  0  0  -1  0   1  0  1  0  0  3/6     4:12   0:00   0:00 
Sebastian Aho            0  0  0   1  0   1  0  1  0  0  0/0    20:41   2:33   1:16 
Vladimir Tarasenko       0  1  1   1  0   2  1  0  0  0  1/1    19:08   2:33   0:22 

Players Stats for VANCOUVER

Player Name              G  A  P  +/- PIM S  H  SB GA TA FO     MP     PP MP  PK MP  
------------------------------------------------------------------------------------
Alex Steen               0  0  0   0  0   2  1  0  0  0  0/0    15:21   0:00   2:13 
Erik Johnson             1  1  2   0  0   2  2  1  0  0  0/0    23:06   1:28   1:31 
Hampus Lindholm          0  0  0   0  0   0  0  3  0  0  0/0    20:46   1:02   2:26 
Jonathan Huberdeau       0  1  1  -1  0   0  2  0  0  0  1/3    21:10   1:28   0:41 
Luca Sbisa               0  0  0  -1  2   0  5  1  0  0  0/0    16:06   0:00   0:00 
Mark Stone               0  0  0  -1  0   2  1  0  0  0  1/2    20:34   1:28   0:00 
Melker Karlsson          0  0  0   0  0   0  2  0  0  0  0/0    13:08   0:00   0:00 
Nazem Kadri              0  1  1   0  0   2  4  0  0  0  13/22  19:41   1:02   2:40 
Nick Schmaltz            0  0  0   0  0   4  0  0  0  0  3/13   13:09   0:00   0:01 
Nikolaj Ehlers           1  0  1   0  0   4  0  0  0  0  0/0    17:01   1:02   0:00 
Ryan Ellis               1  1  2   0  0   1  0  0  0  0  0/0    23:06   1:28   1:31 
Sami Vatanen             0  0  0   0  0   0  0  0  0  0  0/0    20:46   1:02   2:26 
Sheldon Dries            0  0  0   0  0   0  0  0  0  0  1/5     6:23   0:00   1:04 
TJ Brodie                0  0  0  -1  0   0  1  1  0  0  0/0    16:08   0:00   0:01 
Trevor Moore             0  0  0   0  0   0  0  0  0  0  0/1     5:19   0:00   0:00 
Troy Brouwer             0  0  0   0  0   0  0  0  0  0  0/0     5:33   0:00   0:14 
Tyler Seguin             0  1  1  -1  2   3  2  0  0  0  9/18   20:33   1:28   0:00 
Zach Parise              0  1  1   0  0   1  0  0  0  0  1/4    18:10   1:02   1:04 

3 Stars

1 - Erik Johnson (VAN)
2 - Deryk Engelland (CAR)
3 - Ryan Ellis (VAN)

Power Play

CAROLINA - 0 on 2 Attempt(s) - 0.00%
VANCOUVER - 2 on 3 Attempt(s) - 66.67%

Penalty Kill

CAROLINA - 1 on 3 Attempt(s) - 33.33% - Score 0 goal in Penalty Kill
VANCOUVER - 2 on 2 Attempt(s) - 100.00% - Score 0 goal in Penalty Kill

Team Stat

CAROLINA - Hits : 19 - Faceoff Wins : 39 - Blocked Shots : 12 - Penalty Minutes : 6
VANCOUVER - Hits : 20 - Faceoff Wins : 29 - Blocked Shots : 6 - Penalty Minutes : 4

Official

Referees : Tom Chmielewski and Corey Syvret
Linesman : Tyson Baker and Jeff Walker

Game Notes

No Game Note

Finance

Level 1 -- Attendance: 5823 (97.05%) -- Ticket Income $500,778
Level 2 -- Attendance: 5000 (100.00%) -- Ticket Income $280,000
Level 3 -- Attendance: 1818 (90.90%) -- Ticket Income $58,176
Level 4 -- Attendance: 3992 (99.80%) -- Ticket Income $75,848
Luxury Box -- Attendance: 939 (93.90%) -- Ticket Income $170,898
Game was played at the Rogers Arena.
Total Attendance: 17572 (97.62%)
Total Ticket Income: $1,085,700
Total Income: $1,085,700

CAROLINA

5 vs 5 Forward 
   Center                   Left Wing                Right Wing               Time % Phy DF OF 
 1 Patrice Bergeron         Claude Giroux            Vladimir Tarasenko       35     1   2  2  
 2 Nicklas Backstrom        Dominik Kubalik          Alexander Radulov        30     1   2  2  
 3 David Kampf              Matt Martin              Adam Henrique            25     1   2  2  
 4 Sam Lafferty             Claude Giroux            Joel L'Esperance         10     1   2  2  

5 vs 5 Defense 
   Defense                  Defense                                           Time % Phy DF OF 
 1 Brent Burns              Duncan Keith                                      35     1   2  2  
 2 Deryk Engelland          Sebastian Aho                                     30     1   2  2  
 3 Matt Benning             CAR Cap Hit                                       25     1   2  2  
 4 Brent Burns              Duncan Keith                                      10     1   2  2  

PowerPlay Forward 
   Center                   Left Wing                Right Wing               Time % Phy DF OF 
 1 Patrice Bergeron         Claude Giroux            Vladimir Tarasenko       60     1   2  2  
 2 Nicklas Backstrom        Dominik Kubalik          Alexander Radulov        40     1   2  2  

PowerPlay Defense
   Defense                  Defense                                           Time % Phy DF OF 
 1 Brent Burns              Duncan Keith                                      60     1   2  2  
 2 Deryk Engelland          Sebastian Aho                                     40     1   2  2  

Penalty Kill 4 Players Forward 
   Center                   Wing                     Time % Phy DF OF 
 1 Claude Giroux            Patrice Bergeron         60     1   2  2  
 2 Nicklas Backstrom        Vladimir Tarasenko       40     1   2  2  

Penalty Kill 4 Players Defense
   Defense                  Defense                  Time % Phy DF OF 
 1 Brent Burns              Duncan Keith             60     1   2  2  
 2 Deryk Engelland          Sebastian Aho            40     1   2  2  

Penalty Kill - 3 Players Forward 
   Forward                                           Time % Phy DF OF 
 1 Claude Giroux                                     60     1   2  2  
 2 Patrice Bergeron                                  40     1   2  2  

Penalty Kill - 3 Players Defense
   Defense                  Defense                  Time % Phy DF OF 
 1 Brent Burns              Duncan Keith             60     1   2  2  
 2 Deryk Engelland          Sebastian Aho            40     1   2  2  

4 vs 4 Forward 
   Center                   Wing                     Time % Phy DF OF 
 1 Claude Giroux            Patrice Bergeron         60     1   2  2  
 2 Nicklas Backstrom        Vladimir Tarasenko       40     1   2  2  

4 vs 4 Defense
   Defense                  Defense                  Time % Phy DF OF 
 1 Brent Burns              Duncan Keith             60     1   2  2  
 2 Deryk Engelland          Sebastian Aho            40     1   2  2  

Last Minutes Offensive
   Center                   Left Wing                Right Wing               Defense                  Defense                  
   Patrice Bergeron         Claude Giroux            Vladimir Tarasenko       Brent Burns              Duncan Keith             

Last Minutes Defensive
   Center                   Left Wing                Right Wing               Defense                  Defense                  
   Patrice Bergeron         Claude Giroux            Vladimir Tarasenko       Brent Burns              Duncan Keith             

Goaltenders
Starting : Sergei Bobrovsky         
Backup : Scott Wedgewood          

Extra Forwards
Normal : Cooper Marody, Adam Henrique, Matt Martin - PP : Cooper Marody, Adam Henrique - PK : Matt Martin
Extra Defensemen
Normal : Matt Benning, CAR Cap Hit, Deryk Engelland - PP : Matt Benning - PK : CAR Cap Hit, Deryk Engelland
Penalty Shots
Claude Giroux, Patrice Bergeron, Nicklas Backstrom, Vladimir Tarasenko, Alexander Radulov

Scratches
Shea Weber (Healthy), Ryan Hartman (Healthy)

VANCOUVER

5 vs 5 Forward 
   Center                   Left Wing                Right Wing               Time % Phy DF OF 
 1 Tyler Seguin             Jonathan Huberdeau       Mark Stone               38     0   1  4  
 2 Nazem Kadri              Zach Parise              Nikolaj Ehlers           37     0   2  3  
 3 Nick Schmaltz            Alex Steen               Melker Karlsson          25     1   3  1  
 4 Sheldon Dries            Trevor Moore             Troy Brouwer             0      1   4  0  

5 vs 5 Defense 
   Defense                  Defense                                           Time % Phy DF OF 
 1 Ryan Ellis               Erik Johnson                                      40     0   2  3  
 2 Hampus Lindholm          Sami Vatanen                                      35     0   2  3  
 3 TJ Brodie                Luca Sbisa                                        25     1   4  0  
 4 Ryan Ellis               Erik Johnson                                      0      0   3  2  

PowerPlay Forward 
   Center                   Left Wing                Right Wing               Time % Phy DF OF 
 1 Tyler Seguin             Jonathan Huberdeau       Mark Stone               60     0   0  5  
 2 Nazem Kadri              Zach Parise              Nikolaj Ehlers           40     0   0  5  

PowerPlay Defense
   Defense                  Defense                                           Time % Phy DF OF 
 1 Ryan Ellis               Erik Johnson                                      60     1   0  4  
 2 Hampus Lindholm          Sami Vatanen                                      40     1   0  4  

Penalty Kill 4 Players Forward 
   Center                   Wing                     Time % Phy DF OF 
 1 Nazem Kadri              Alex Steen               60     1   4  0  
 2 Sheldon Dries            Zach Parise              40     1   4  0  

Penalty Kill 4 Players Defense
   Defense                  Defense                  Time % Phy DF OF 
 1 Ryan Ellis               Erik Johnson             60     1   4  0  
 2 Hampus Lindholm          Sami Vatanen             40     1   4  0  

Penalty Kill - 3 Players Forward 
   Forward                                           Time % Phy DF OF 
 1 Nazem Kadri                                       60     1   2  2  
 2 Tyler Seguin                                      40     1   2  2  

Penalty Kill - 3 Players Defense
   Defense                  Defense                  Time % Phy DF OF 
 1 Ryan Ellis               Erik Johnson             60     1   2  2  
 2 Hampus Lindholm          Sami Vatanen             40     1   2  2  

4 vs 4 Forward 
   Center                   Wing                     Time % Phy DF OF 
 1 Tyler Seguin             Jonathan Huberdeau       60     0   1  4  
 2 Nazem Kadri              Mark Stone               40     0   1  4  

4 vs 4 Defense
   Defense                  Defense                  Time % Phy DF OF 
 1 Ryan Ellis               Erik Johnson             60     1   2  2  
 2 Hampus Lindholm          Sami Vatanen             40     1   2  2  

Last Minutes Offensive
   Center                   Left Wing                Right Wing               Defense                  Defense                  
   Tyler Seguin             Jonathan Huberdeau       Mark Stone               Ryan Ellis               Sami Vatanen             

Last Minutes Defensive
   Center                   Left Wing                Right Wing               Defense                  Defense                  
   Tyler Seguin             Jonathan Huberdeau       Mark Stone               Ryan Ellis               Erik Johnson             

Goaltenders
Starting : Petr Mrazek              
Backup : Hunter Miska             

Extra Forwards
Normal : Zach Parise, Jonathan Huberdeau, Mark Stone - PP : Nazem Kadri, Tyler Seguin - PK : Jonathan Huberdeau
Extra Defensemen
Normal : TJ Brodie, Ryan Ellis, Hampus Lindholm - PP : TJ Brodie - PK : TJ Brodie, Luca Sbisa
Penalty Shots
Mark Stone, Tyler Seguin, Jonathan Huberdeau, Zach Parise, Nikolaj Ehlers

Scratches
None


% Time on Ice - CAROLINA

Lines # - Real PCT - Wanted PCT - Time Play
Normal Forward
1 - 31% - 35% - 16:13
2 - 30% - 30% - 16:00
3 - 31% - 25% - 16:42
4 - 8% - 10% - 4:12
Normal Defense
1 - 34% - 35% - 18:14
2 - 32% - 30% - 16:52
3 - 27% - 25% - 14:28
4 - 7% - 10% - 3:33
PP Forward
1 - 64% - 60% - 2:33
2 - 36% - 40% - 1:25
PP Defense
1 - 36% - 60% - 1:25
2 - 64% - 40% - 2:33
PK Forward
1 - 85% - 60% - 2:08
2 - 15% - 40% - 0:22
PK Defense
1 - 49% - 60% - 1:14
2 - 51% - 40% - 1:16
PK3 Forward
1 - 0% - 60%
2 - 0% - 40%
PK3 Defense
1 - 0% - 60%
2 - 0% - 40%
44 Forward
1 - 0% - 60%
2 - 0% - 40%
44 Defense
1 - 0% - 60%
2 - 0% - 40%
Last Minute Offensive  - 0:25
Last Minute Defensive  - 0:00
Total
Forward - 60:00
Defense - 60:00

% Time on Ice - VANCOUVER

Lines # - Real PCT - Wanted PCT - Time Play
Normal Forward
1 - 35% - 38% - 18:19
2 - 30% - 37% - 15:59
3 - 25% - 25% - 13:08
4 - 10% - 0% - 5:19
Normal Defense
1 - 37% - 40% - 19:20
2 - 33% - 35% - 17:18
3 - 31% - 25% - 16:07
4 - 0% - 0% - 0:00
PP Forward
1 - 59% - 60% - 1:28
2 - 41% - 40% - 1:02
PP Defense
1 - 59% - 60% - 1:28
2 - 41% - 40% - 1:02
PK Forward
1 - 73% - 60% - 2:54
2 - 27% - 40% - 1:04
PK Defense
1 - 39% - 60% - 1:32
2 - 61% - 40% - 2:26
PK3 Forward
1 - 0% - 60%
2 - 0% - 40%
PK3 Defense
1 - 0% - 60%
2 - 0% - 40%
44 Forward
1 - 0% - 60%
2 - 0% - 40%
44 Defense
1 - 0% - 60%
2 - 0% - 40%
Last Minute Offensive  - 0:00
Last Minute Defensive  - 0:47
Total
Forward - 60:00
Defense - 60:00

Play-by-Play

1st period


0:01 of 1st period - Tyler Seguin wins face-off versus Patrice Bergeron in neutral zone.
0:49 of 1st period - Ryan Ellis is hit by Claude Giroux and loses puck.
0:55 of 1st period - Mark Stone is hit by Claude Giroux and loses puck.
1:03 of 1st period - Ryan Ellis is hit by Vladimir Tarasenko and loses puck.
1:25 of 1st period - Zach Parise is hit by Deryk Engelland and loses puck.
1:48 of 1st period - Shot by Alexander Radulov.
1:48 of 1st period - Deflect By Nicklas Backstrom.
1:48 of 1st period - Stopped by Petr Mrazek without a rebound.
1:49 of 1st period - David Kampf wins face-off versus Nick Schmaltz in VANCOUVER zone.
1:57 of 1st period - Shot by Nick Schmaltz.
1:57 of 1st period - Stopped by Sergei Bobrovsky without a rebound.
1:58 of 1st period - David Kampf wins face-off versus Nick Schmaltz in CAROLINA zone.
1:58 of 1st period - David Kampf is hit by Melker Karlsson.
2:04 of 1st period - Shot by Adam Henrique.
2:04 of 1st period - Stopped by Petr Mrazek without a rebound.
2:05 of 1st period - David Kampf wins face-off versus Nick Schmaltz in VANCOUVER zone.
2:05 of 1st period - Deryk Engelland is hit by Luca Sbisa.
2:17 of 1st period - Shot by Adam Henrique.
2:17 of 1st period - Deflect By David Kampf.
2:17 of 1st period - Stopped by Petr Mrazek without a rebound.
2:18 of 1st period - Nazem Kadri wins face-off versus Nicklas Backstrom in VANCOUVER zone.
2:25 of 1st period - Shot by Zach Parise.
2:25 of 1st period - Shot Blocked by Matt Benning.
2:31 of 1st period - Shot by Nicklas Backstrom.
2:31 of 1st period - Shot Blocked by Hampus Lindholm.
2:33 of 1st period - Shot by Matt Benning.
2:33 of 1st period - Stopped by Petr Mrazek without a rebound.
2:34 of 1st period - David Kampf wins face-off versus Nick Schmaltz in VANCOUVER zone.
3:20 of 1st period - Icing by Duncan Keith.
3:21 of 1st period - Nazem Kadri wins face-off versus David Kampf in CAROLINA zone.
3:21 of 1st period - Zach Parise is hit by Brent Burns and loses puck.
3:29 of 1st period - Icing by Duncan Keith.
3:30 of 1st period - Matt Martin wins face-off versus Tyler Seguin in CAROLINA zone.
3:32 of 1st period - Icing by Duncan Keith.
3:33 of 1st period - Nazem Kadri wins face-off versus David Kampf in CAROLINA zone.
3:38 of 1st period - Shot by Zach Parise.
3:38 of 1st period - Stopped by Sergei Bobrovsky without a rebound.
3:39 of 1st period - Sam Lafferty wins face-off versus Tyler Seguin in CAROLINA zone.
3:39 of 1st period - Claude Giroux is hit by Jonathan Huberdeau and loses puck.
4:00 of 1st period - Shot by Tyler Seguin.
4:00 of 1st period - Stopped by Sergei Bobrovsky without a rebound.
4:01 of 1st period - Nicklas Backstrom wins face-off versus Nazem Kadri in CAROLINA zone.
4:28 of 1st period - Shot by Nazem Kadri.
4:28 of 1st period - Shot Misses the Net.
4:38 of 1st period - Shot by Nikolaj Ehlers.
4:38 of 1st period - Shot Misses the Net.
4:40 of 1st period - Shot by Nikolaj Ehlers.
4:40 of 1st period - Stopped by Sergei Bobrovsky without a rebound.
4:41 of 1st period - Patrice Bergeron wins face-off versus Tyler Seguin in CAROLINA zone.
5:54 of 1st period - Claude Giroux is hit by Melker Karlsson and loses puck.
5:59 of 1st period - Shot by Alex Steen.
5:59 of 1st period - Shot Misses the Net.
6:01 of 1st period - Shot by Nick Schmaltz.
6:01 of 1st period - Shot Misses the Net.
6:06 of 1st period - Icing by Duncan Keith.
6:07 of 1st period - Patrice Bergeron wins face-off versus Zach Parise in CAROLINA zone.
6:19 of 1st period - Shot by Nazem Kadri.
6:19 of 1st period - Shot Blocked by Duncan Keith.
6:42 of 1st period - Luca Sbisa is hit by Dominik Kubalik and loses puck.
6:56 of 1st period - Matt Benning is hit by Nazem Kadri and loses puck.
7:23 of 1st period - Shot by Alex Steen.
7:23 of 1st period - Stopped by Sergei Bobrovsky without a rebound.
7:24 of 1st period - Adam Henrique wins face-off versus Sheldon Dries in CAROLINA zone.
7:34 of 1st period - Icing by Hampus Lindholm.
7:35 of 1st period - David Kampf wins face-off versus Sheldon Dries in VANCOUVER zone.
8:03 of 1st period - Sheldon Dries is hit by Deryk Engelland and loses puck.
8:11 of 1st period - Sheldon Dries is hit by Deryk Engelland and loses puck.
8:19 of 1st period - Icing by Deryk Engelland.
8:20 of 1st period - David Kampf wins face-off versus Tyler Seguin in CAROLINA zone.
8:58 of 1st period - Shot by Dominik Kubalik.
8:58 of 1st period - Shot Misses the Net.
9:29 of 1st period - Shot by Joel L'Esperance.
9:29 of 1st period - Deflect By Claude Giroux.
9:29 of 1st period - Stopped by Petr Mrazek with a rebound.
9:31 of 1st period - Shot by Matt Benning.
9:31 of 1st period - Shot Misses the Net.
9:33 of 1st period - Shot by Matt Benning.
9:33 of 1st period - Stopped by Petr Mrazek without a rebound.
9:34 of 1st period - Nazem Kadri wins face-off versus Patrice Bergeron in VANCOUVER zone.
9:38 of 1st period - Minor Penalty to Luca Sbisa for Holding.
9:39 of 1st period - Nazem Kadri wins face-off versus Patrice Bergeron in VANCOUVER zone.
10:40 of 1st period - Shot by Duncan Keith.
10:40 of 1st period - Stopped by Petr Mrazek with a rebound.
11:14 of 1st period - Shot by Vladimir Tarasenko.
11:14 of 1st period - Shot Misses the Net.
11:16 of 1st period - Shot by Claude Giroux.
11:16 of 1st period - Shot Misses the Net.
11:18 of 1st period - Shot by Deryk Engelland.
11:18 of 1st period - Shot Blocked by Hampus Lindholm.
11:44 of 1st period - Shot by Luca Sbisa.
11:44 of 1st period - Deflect By Nick Schmaltz.
11:44 of 1st period - Shot Misses the Net.
11:50 of 1st period - Shot by Adam Henrique.
11:50 of 1st period - Shot Misses the Net.
11:52 of 1st period - Shot by David Kampf.
11:52 of 1st period - Shot Blocked by TJ Brodie.
11:54 of 1st period - Shot by Matt Martin.
11:54 of 1st period - Shot Misses the Net.
12:03 of 1st period - Adam Henrique is hit by TJ Brodie and loses puck.
12:21 of 1st period - Icing by Nick Schmaltz.
12:22 of 1st period - Nick Schmaltz wins face-off versus Sam Lafferty in VANCOUVER zone.
12:51 of 1st period - Shot by Claude Giroux.
12:51 of 1st period - Shot Misses the Net.
13:01 of 1st period - Shot by Nicklas Backstrom.
13:01 of 1st period - Shot Misses the Net.
13:03 of 1st period - Shot by Sebastian Aho.
13:03 of 1st period - Stopped by Petr Mrazek with a rebound.
13:13 of 1st period - Shot by Dominik Kubalik.
13:13 of 1st period - Stopped by Petr Mrazek without a rebound.
13:14 of 1st period - Tyler Seguin wins face-off versus David Kampf in VANCOUVER zone.
13:35 of 1st period - Shot by Jonathan Huberdeau.
13:35 of 1st period - Shot Misses the Net.
14:22 of 1st period - Shot by Nicklas Backstrom.
14:22 of 1st period - Deflect By Alexander Radulov.
14:22 of 1st period - Shot Misses the Net.
14:24 of 1st period - Shot by Dominik Kubalik.
14:24 of 1st period - Shot Blocked by Luca Sbisa.
14:26 of 1st period - Shot by Nicklas Backstrom.
14:26 of 1st period - Shot Misses the Net.
14:28 of 1st period - Shot by Brent Burns.
14:28 of 1st period - Shot Misses the Net.
14:40 of 1st period - Shot by Nicklas Backstrom.
14:40 of 1st period - Stopped by Petr Mrazek with a rebound.
15:47 of 1st period - Icing by Adam Henrique.
15:48 of 1st period - David Kampf wins face-off versus Nick Schmaltz in CAROLINA zone.
15:48 of 1st period - David Kampf is hit by Alex Steen.
16:05 of 1st period - Alex Steen is hit by Brent Burns and loses puck.
16:23 of 1st period - Minor Penalty to Brent Burns for Holding.
16:24 of 1st period - Mark Stone wins face-off versus Claude Giroux in CAROLINA zone.
16:30 of 1st period - Shot by Erik Johnson.
16:30 of 1st period - Shot Misses the Net.
16:32 of 1st period - Shot by Erik Johnson.
16:32 of 1st period - Goal by Erik Johnson - CAROLINA : 0 - VANCOUVER : 1.
16:33 of 1st period - Nazem Kadri wins face-off versus Nicklas Backstrom in neutral zone.
16:49 of 1st period - Shot by Dominik Kubalik.
16:49 of 1st period - Stopped by Petr Mrazek without a rebound.
16:50 of 1st period - Claude Giroux wins face-off versus Jonathan Huberdeau in VANCOUVER zone.
17:01 of 1st period - Shot by Vladimir Tarasenko.
17:01 of 1st period - Shot Misses the Net.
17:04 of 1st period - Icing by Mark Stone.
17:05 of 1st period - Nicklas Backstrom wins face-off versus Tyler Seguin in VANCOUVER zone.
17:05 of 1st period - Nicklas Backstrom is hit by Erik Johnson.
17:17 of 1st period - Shot by Tyler Seguin.
17:17 of 1st period - Stopped by Sergei Bobrovsky without a rebound.
17:18 of 1st period - Vladimir Tarasenko wins face-off versus Nazem Kadri in CAROLINA zone.
17:20 of 1st period - Icing by Claude Giroux.
17:21 of 1st period - Patrice Bergeron wins face-off versus Nazem Kadri in CAROLINA zone.
18:17 of 1st period - Ryan Ellis is hit by Deryk Engelland and loses puck.
18:56 of 1st period - Shot by Jonathan Huberdeau.
18:56 of 1st period - Shot Misses the Net.
Goals for this period are 0 for CAROLINA vs 1 for VANCOUVER.
Shots for this period are 11 for CAROLINA vs 7 for VANCOUVER.

2nd period


0:01 of 2nd period - Nazem Kadri wins face-off versus Patrice Bergeron in neutral zone.
0:04 of 2nd period - Deryk Engelland is hit by Nazem Kadri and loses puck.
0:15 of 2nd period - Shot by Claude Giroux.
0:15 of 2nd period - Stopped by Petr Mrazek without a rebound.
0:16 of 2nd period - Nick Schmaltz wins face-off versus Nicklas Backstrom in VANCOUVER zone.
0:16 of 2nd period - Nick Schmaltz is hit by Dominik Kubalik.
0:21 of 2nd period - Sami Vatanen is hit by Dominik Kubalik and loses puck.
1:48 of 2nd period - Off-side.
1:49 of 2nd period - Zach Parise wins face-off versus David Kampf in neutral zone.
2:10 of 2nd period - Erik Johnson is hit by Matt Martin and loses puck.
2:22 of 2nd period - David Kampf is hit by Nazem Kadri and loses puck.
3:02 of 2nd period - Nicklas Backstrom is hit by Luca Sbisa and loses puck.
4:07 of 2nd period - Icing by Sebastian Aho.
4:08 of 2nd period - Patrice Bergeron wins face-off versus Sheldon Dries in CAROLINA zone.
4:23 of 2nd period - Shot by Vladimir Tarasenko.
4:23 of 2nd period - Shot Blocked by Hampus Lindholm.
5:13 of 2nd period - Icing by Patrice Bergeron.
5:14 of 2nd period - Patrice Bergeron wins face-off versus Zach Parise in CAROLINA zone.
6:11 of 2nd period - Shot by Alex Steen.
6:11 of 2nd period - Stopped by Sergei Bobrovsky without a rebound.
6:12 of 2nd period - Tyler Seguin wins face-off versus Nicklas Backstrom in CAROLINA zone.
6:15 of 2nd period - Shot by Mark Stone.
6:15 of 2nd period - Shot Misses the Net.
6:31 of 2nd period - Shot by Tyler Seguin.
6:31 of 2nd period - Deflect By Jonathan Huberdeau.
6:31 of 2nd period - Shot Blocked by Matt Benning.
6:33 of 2nd period - Shot by Sami Vatanen.
6:33 of 2nd period - Shot Misses the Net.
6:35 of 2nd period - Shot by Jonathan Huberdeau.
6:35 of 2nd period - Shot Misses the Net.
6:37 of 2nd period - Shot by Tyler Seguin.
6:37 of 2nd period - Shot Blocked by Alexander Radulov.
6:45 of 2nd period - Shot by Mark Stone.
6:45 of 2nd period - Stopped by Sergei Bobrovsky without a rebound.
6:46 of 2nd period - Nick Schmaltz wins face-off versus Sam Lafferty in CAROLINA zone.
7:23 of 2nd period - Minor Penalty to Matt Martin for Holding.
7:24 of 2nd period - Jonathan Huberdeau wins face-off versus David Kampf in CAROLINA zone.
7:26 of 2nd period - Tyler Seguin is hit by Deryk Engelland and loses puck.
7:43 of 2nd period - Shot by Erik Johnson.
7:43 of 2nd period - Shot Misses the Net.
7:45 of 2nd period - Shot by Ryan Ellis.
7:45 of 2nd period - Goal by Ryan Ellis - CAROLINA : 0 - VANCOUVER : 2.
7:46 of 2nd period - Nazem Kadri wins face-off versus Nicklas Backstrom in neutral zone.
8:02 of 2nd period - Off-side.
8:03 of 2nd period - Tyler Seguin wins face-off versus David Kampf in neutral zone.
8:12 of 2nd period - Shot by Tyler Seguin.
8:12 of 2nd period - Shot Blocked by Deryk Engelland.
8:24 of 2nd period - Shot by David Kampf.
8:24 of 2nd period - Deflect By Adam Henrique.
8:24 of 2nd period - Shot Misses the Net.
8:58 of 2nd period - Icing by David Kampf.
8:59 of 2nd period - David Kampf wins face-off versus Nazem Kadri in CAROLINA zone.
9:08 of 2nd period - Shot by Nazem Kadri.
9:08 of 2nd period - Deflect By Nikolaj Ehlers.
9:08 of 2nd period - Stopped by Sergei Bobrovsky without a rebound.
9:09 of 2nd period - Patrice Bergeron wins face-off versus Nick Schmaltz in CAROLINA zone.
10:16 of 2nd period - Icing by Erik Johnson.
10:17 of 2nd period - Nazem Kadri wins face-off versus Nicklas Backstrom in VANCOUVER zone.
10:41 of 2nd period - Alexander Radulov is hit by Nazem Kadri and loses puck.
10:57 of 2nd period - Off-side.
10:58 of 2nd period - David Kampf wins face-off versus Jonathan Huberdeau in neutral zone.
11:37 of 2nd period - Icing by Mark Stone.
11:38 of 2nd period - Sam Lafferty wins face-off versus Tyler Seguin in VANCOUVER zone.
11:57 of 2nd period - Brent Burns is hit by Tyler Seguin.
11:58 of 2nd period - Minor Penalty to Tyler Seguin for Slashing.
11:59 of 2nd period - Nazem Kadri wins face-off versus Nicklas Backstrom in VANCOUVER zone.
12:26 of 2nd period - Shot by Duncan Keith.
12:26 of 2nd period - Shot Misses the Net.
12:28 of 2nd period - Shot by Brent Burns.
12:28 of 2nd period - Stopped by Petr Mrazek with a rebound.
12:58 of 2nd period - Shot by Vladimir Tarasenko.
12:58 of 2nd period - Stopped by Petr Mrazek without a rebound.
12:59 of 2nd period - Sheldon Dries wins face-off versus Patrice Bergeron in VANCOUVER zone.
14:24 of 2nd period - Shot by Mark Stone.
14:24 of 2nd period - Shot Blocked by Matt Benning.
15:06 of 2nd period - Shot by Alexander Radulov.
15:06 of 2nd period - Shot Blocked by Erik Johnson.
15:40 of 2nd period - Shot by Nikolaj Ehlers.
15:40 of 2nd period - Stopped by Sergei Bobrovsky with a rebound.
15:49 of 2nd period - Off-side.
15:50 of 2nd period - Sam Lafferty wins face-off versus Nick Schmaltz in neutral zone.
16:01 of 2nd period - Shot by Sam Lafferty.
16:01 of 2nd period - Stopped by Petr Mrazek without a rebound.
16:02 of 2nd period - Tyler Seguin wins face-off versus Adam Henrique in VANCOUVER zone.
16:09 of 2nd period - Adam Henrique is hit by Luca Sbisa.
16:50 of 2nd period - Icing by Matt Benning.
16:51 of 2nd period - David Kampf wins face-off versus Nazem Kadri in CAROLINA zone.
17:01 of 2nd period - Icing by Erik Johnson.
17:02 of 2nd period - Patrice Bergeron wins face-off versus Nazem Kadri in VANCOUVER zone.
18:11 of 2nd period - Alex Steen is hit by Deryk Engelland and loses puck.
18:16 of 2nd period - Shot by Nick Schmaltz.
18:16 of 2nd period - Stopped by Sergei Bobrovsky without a rebound.
18:17 of 2nd period - Tyler Seguin wins face-off versus Nicklas Backstrom in CAROLINA zone.
18:28 of 2nd period - Shot by Tyler Seguin.
18:28 of 2nd period - Deflect By Jonathan Huberdeau.
18:28 of 2nd period - Shot Blocked by Deryk Engelland.
Goals for this period are 0 for CAROLINA vs 1 for VANCOUVER.
Shots for this period are 4 for CAROLINA vs 6 for VANCOUVER.

3rd period


0:01 of 3rd period - Patrice Bergeron wins face-off versus Nazem Kadri in neutral zone.
1:34 of 3rd period - Shot by Tyler Seguin.
1:34 of 3rd period - Shot Blocked by Sebastian Aho.
1:54 of 3rd period - Shot by Nick Schmaltz.
1:54 of 3rd period - Stopped by Sergei Bobrovsky with a rebound.
1:59 of 3rd period - Nick Schmaltz is hit by Deryk Engelland and loses puck.
2:08 of 3rd period - Shot by Nick Schmaltz.
2:08 of 3rd period - Stopped by Sergei Bobrovsky without a rebound.
2:09 of 3rd period - David Kampf wins face-off versus Sheldon Dries in CAROLINA zone.
2:11 of 3rd period - Minor Penalty to Matt Martin for Boarding.
2:12 of 3rd period - David Kampf wins face-off versus Nazem Kadri in CAROLINA zone.
3:13 of 3rd period - Shot by Jonathan Huberdeau.
3:13 of 3rd period - Shot Misses the Net.
3:15 of 3rd period - Shot by Erik Johnson.
3:15 of 3rd period - Stopped by Sergei Bobrovsky without a rebound.
3:16 of 3rd period - Tyler Seguin wins face-off versus Claude Giroux in CAROLINA zone.
3:16 of 3rd period - Tyler Seguin is hit by Deryk Engelland.
5:28 of 3rd period - Shot by Sheldon Dries.
5:28 of 3rd period - Shot Misses the Net.
5:30 of 3rd period - Shot by Hampus Lindholm.
5:30 of 3rd period - Shot Blocked by Sam Lafferty.
5:54 of 3rd period - Icing by Dominik Kubalik.
5:55 of 3rd period - Nicklas Backstrom wins face-off versus Tyler Seguin in CAROLINA zone.
5:55 of 3rd period - Nicklas Backstrom is hit by Jonathan Huberdeau.
6:55 of 3rd period - Icing by TJ Brodie.
6:56 of 3rd period - Nazem Kadri wins face-off versus Patrice Bergeron in VANCOUVER zone.
6:58 of 3rd period - Icing by Zach Parise.
6:59 of 3rd period - Patrice Bergeron wins face-off versus Zach Parise in VANCOUVER zone.
6:59 of 3rd period - Patrice Bergeron is hit by Luca Sbisa.
7:17 of 3rd period - Shot by Vladimir Tarasenko.
7:17 of 3rd period - Shot Misses the Net.
8:16 of 3rd period - Shot by Tyler Seguin.
8:16 of 3rd period - Stopped by Sergei Bobrovsky without a rebound.
8:17 of 3rd period - David Kampf wins face-off versus Nick Schmaltz in CAROLINA zone.
8:38 of 3rd period - Shot by David Kampf.
8:38 of 3rd period - Stopped by Petr Mrazek without a rebound.
8:39 of 3rd period - Tyler Seguin wins face-off versus Nicklas Backstrom in VANCOUVER zone.
8:48 of 3rd period - Shot by Hampus Lindholm.
8:48 of 3rd period - Shot Misses the Net.
9:52 of 3rd period - Shot by Nazem Kadri.
9:52 of 3rd period - Shot Misses the Net.
9:54 of 3rd period - Shot by Nazem Kadri.
9:54 of 3rd period - Stopped by Sergei Bobrovsky without a rebound.
9:55 of 3rd period - Patrice Bergeron wins face-off versus Nick Schmaltz in CAROLINA zone.
10:25 of 3rd period - Icing by Alex Steen.
10:26 of 3rd period - David Kampf wins face-off versus Nick Schmaltz in VANCOUVER zone.
11:05 of 3rd period - Adam Henrique is hit by Luca Sbisa and loses puck.
11:38 of 3rd period - Shot by Nazem Kadri.
11:38 of 3rd period - Shot Misses the Net.
13:16 of 3rd period - Off-side.
13:17 of 3rd period - Nicklas Backstrom wins face-off versus Nazem Kadri in neutral zone.
13:20 of 3rd period - Shot by Dominik Kubalik.
13:20 of 3rd period - Shot Misses the Net.
13:22 of 3rd period - Shot by Matt Benning.
13:22 of 3rd period - Deflect By Nicklas Backstrom.
13:22 of 3rd period - Shot Misses the Net.
13:24 of 3rd period - Shot by Alexander Radulov.
13:24 of 3rd period - Deflect By Nicklas Backstrom.
13:24 of 3rd period - Goal by Nicklas Backstrom - CAROLINA : 1 - VANCOUVER : 2.
13:25 of 3rd period - Nicklas Backstrom wins face-off versus Trevor Moore in neutral zone.
14:24 of 3rd period - Shot by Nazem Kadri.
14:24 of 3rd period - Stopped by Sergei Bobrovsky without a rebound.
14:25 of 3rd period - Patrice Bergeron wins face-off versus Tyler Seguin in CAROLINA zone.
14:25 of 3rd period - Patrice Bergeron is hit by Mark Stone.
14:32 of 3rd period - Shot by Deryk Engelland.
14:32 of 3rd period - Shot Misses the Net.
14:34 of 3rd period - Shot by Patrice Bergeron.
14:34 of 3rd period - Goal by Patrice Bergeron - CAROLINA : 2 - VANCOUVER : 2.
14:35 of 3rd period - Nazem Kadri wins face-off versus Sam Lafferty in neutral zone.
14:44 of 3rd period - Shot by Nazem Kadri.
14:44 of 3rd period - Shot Blocked by Brent Burns.
14:46 of 3rd period - Shot by Zach Parise.
14:46 of 3rd period - Shot Hit the Post.
14:50 of 3rd period - Shot by Nikolaj Ehlers.
14:50 of 3rd period - Goal by Nikolaj Ehlers - CAROLINA : 2 - VANCOUVER : 3.
14:51 of 3rd period - Patrice Bergeron wins face-off versus Mark Stone in neutral zone.
15:02 of 3rd period - Shot by Claude Giroux.
15:02 of 3rd period - Shot Misses the Net.
15:04 of 3rd period - Shot by Deryk Engelland.
15:04 of 3rd period - Shot Misses the Net.
15:06 of 3rd period - Shot by Vladimir Tarasenko.
15:06 of 3rd period - Stopped by Petr Mrazek with a rebound.
15:11 of 3rd period - Patrice Bergeron is hit by Erik Johnson and loses puck.
15:24 of 3rd period - Shot by Patrice Bergeron.
15:24 of 3rd period - Stopped by Petr Mrazek without a rebound.
15:25 of 3rd period - Nazem Kadri wins face-off versus Nicklas Backstrom in VANCOUVER zone.
15:46 of 3rd period - Shot by Dominik Kubalik.
15:46 of 3rd period - Stopped by Petr Mrazek with a rebound.
16:55 of 3rd period - Icing by Adam Henrique.
16:56 of 3rd period - David Kampf wins face-off versus Tyler Seguin in CAROLINA zone.
16:56 of 3rd period - Adam Henrique is hit by Tyler Seguin and loses puck.
17:09 of 3rd period - Mark Stone is hit by Matt Martin.
17:55 of 3rd period - Sami Vatanen is hit by Claude Giroux and loses puck.
18:22 of 3rd period - Shot by Nazem Kadri.
18:22 of 3rd period - Shot Misses the Net.
18:48 of 3rd period - Shot by Alex Steen.
18:48 of 3rd period - Shot Blocked by Matt Benning.
19:20 of 3rd period - Shot by Mark Stone.
19:20 of 3rd period - Deflect By Jonathan Huberdeau.
19:20 of 3rd period - Shot Blocked by Matt Benning.
19:22 of 3rd period - Shot by Mark Stone.
19:22 of 3rd period - Deflect By Jonathan Huberdeau.
19:22 of 3rd period - Shot Misses the Net.
19:24 of 3rd period - Shot by Mark Stone.
19:24 of 3rd period - Shot Misses the Net.
19:54 of 3rd period - Shot by Mark Stone.
19:54 of 3rd period - Stopped by Sergei Bobrovsky without a rebound.
19:55 of 3rd period - Tyler Seguin wins face-off versus Cooper Marody in CAROLINA zone.
19:59 of 3rd period - Icing by Joel L'Esperance.
Goals for this period are 2 for CAROLINA vs 1 for VANCOUVER.
Shots for this period are 6 for CAROLINA vs 8 for VANCOUVER.